TOP OF THE 1ST |
Hillsboro Hops batting - Pitching for Auburn Doubledays : RHP John Kovach
|
Pitching: RHP John Kovach
|
|
Batting: RHB Nelson Ozuna
|
0-0: Foul Ball, location: 2F 0-1: Ball 1-1: Ball 2-1: SINGLE (Groundball, 56D, EV 110.0 MPH)
|
Batting: SHB Carlos Rodriguez
|
0-0: Ball 1-0: Ball 2-0: Called Strike 2-1: Ball 3-1: Foul Ball, location: 2F 3-2: Foul Ball, location: 2F 3-2: Foul Ball, location: 2F 3-2: Base on Balls Nelson Ozuna to second
|
Batting: RHB Danny Loyola
|
0-0: Ball 1-0: Swinging Strike 1-1: Foul Ball, location: 2F 1-2: Ball 2-2: Foul Ball, location: 2F 2-2: Foul Ball, location: 2F 2-2: DOUBLE (Groundball, 3L, EV 96.9 MPH) Nelson Ozuna scores Carlos Rodriguez to third Runner from 3rd tries for Home, SAFE, throw by RF to trailing runner, SAFE at third!
|
Batting: RHB Terry Jarrells
|
0-0: Ball 1-0: Called Strike 1-1: Ball 2-1: Swinging Strike 2-2: Ground out 4-3 (Groundball, 4, EV 91.9 MPH) Danny Loyola scores
|
Batting: RHB Roberto Monzon
|
0-0: Called Strike 0-1: Swinging Strike 0-2: Foul Ball, location: 2F 0-2: Foul Ball, location: 2F 0-2: Fly out, F8 (Line Drive, 8LM, EV 106.2 MPH)
|
Batting: RHB Sean Tanner
|
0-0: Foul Ball, location: 2F 0-1: SINGLE (Line Drive, 4MD, EV 97.5 MPH)
|
Batting: RHB Chris McGrath
|
0-0: Ball 1-0: Called Strike 1-1: Called Strike 1-2: Ball 2-2: Strikes out swinging
|
Top of the 1st over - 3 runs, 3 hits, 0 errors, 1 left on base; Hillsboro 3 - Auburn 0 |
BOTTOM OF THE 1ST |
Auburn Doubledays batting - Pitching for Hillsboro Hops : RHP Tim Shaffer
|
Pitching: RHP Tim Shaffer
|
|
Batting: LHB Vince McLane
|
0-0: Called Strike 0-1: Foul Ball, location: 2F 0-2: SINGLE (Line Drive, 9LS, EV 108.8 MPH)
|
Batting: RHB Lamar Thornton
|
0-0: SINGLE (Groundball, 34D, EV 95.6 MPH) Vince McLane to second Runner from 2nd tries for 3rd, SAFE, throw by RF made to third
|
Batting: RHB Er Le
|
0-0: Ball 1-0: Called Strike Lamar Thornton steals 2nd base 1-1: Called Strike 1-2: SINGLE (Groundball, 56D, EV 100.0 MPH) Vince McLane scores Lamar Thornton to third
|
Batting: LHB John Holst
|
0-0: Swinging Strike 0-1: Ball 1-1: Called Strike 1-2: Ball 2-2: Strikes out swinging
|
Batting: SHB Ed Thorpe Jr.
|
0-0: Called Strike 0-1: Called Strike Er Le steals 2nd base 0-2: Strikes out swinging
|
Batting: RHB Xavier Reeves
|
0-0: Called Strike 0-1: Ball 1-1: Ball 2-1: Called Strike 2-2: Foul Ball, location: 2F 2-2: Ball 3-2: Strikes out swinging
|
Bottom of the 1st over - 1 run, 3 hits, 0 errors, 2 left on base; Hillsboro 3 - Auburn 1 |
TOP OF THE 2ND |
Hillsboro Hops batting - Pitching for Auburn Doubledays : RHP John Kovach
|
Batting: RHB Ryuki Ogasawara
|
0-0: Ball 1-0: Ball 2-0: Ball 3-0: Fly out, F7 (Flyball, 7S, EV 85.6 MPH)
|
Batting: RHB Daniel Rivera
|
0-0: Called Strike 0-1: Ball 1-1: Ball 2-1: Foul Ball, location: 2F 2-2: Hit by Pitch
|
Batting: RHB Nelson Ozuna
|
0-0: Fly out, F8 (Flyball, 8LD, EV 95.6 MPH)
|
Batting: SHB Carlos Rodriguez
|
Pickoff Throw to First - Out! 1-3 CS
|
Top of the 2nd over - 0 runs, 0 hits, 0 errors, 0 left on base; Hillsboro 3 - Auburn 1 |
BOTTOM OF THE 2ND |
Auburn Doubledays batting - Pitching for Hillsboro Hops : RHP Tim Shaffer
|
Batting: RHB Jelexiz Cuenca
|
0-0: Called Strike 0-1: Swinging Strike 0-2: Hit by Pitch
|
Batting: RHB Antonio Vallez
|
0-0: Foul Ball, location: 2F 0-1: Fly out, F7 (Flyball, 7D, EV 96.2 MPH)
|
Batting: RHB Sentos Alatas
|
0-0: Called Strike 0-1: Swinging Strike 0-2: Strikes out swinging
|
Batting: LHB Vince McLane
|
0-0: Ball 1-0: SINGLE (Groundball, 34S, EV 73.8 MPH) (infield hit) Jelexiz Cuenca to second
|
Batting: RHB Lamar Thornton
|
0-0: Foul Ball, location: 2F 0-1: Called Strike 0-2: Ball Wild Pitch! Jelexiz Cuenca to third Vince McLane to second 1-2: Ball 2-2: Foul Ball, location: 2F 2-2: Hit by Pitch
|
Batting: RHB Er Le
|
0-0: Ball 1-0: Called Strike 1-1: SINGLE (Groundball, 4MD, EV 98.8 MPH) (infield hit) Jelexiz Cuenca scores Vince McLane to third Lamar Thornton to second
|
Batting: LHB John Holst
|
0-0: Reached on error, E5 (Groundball, 5, EV 83.8 MPH) Vince McLane scores Lamar Thornton to third Er Le to second
|
Batting: SHB Ed Thorpe Jr.
|
0-0: Called Strike 0-1: Called Strike 0-2: Fly out, F3 (Popup, 3F, EV 76.2 MPH)
|
Bottom of the 2nd over - 2 runs, 2 hits, 1 error, 3 left on base; Hillsboro 3 - Auburn 3 |
BOTTOM OF THE 3RD |
Auburn Doubledays batting - Pitching for Hillsboro Hops : RHP Tim Shaffer
|
Batting: RHB Xavier Reeves
|
0-0: Ball 1-0: Called Strike 1-1: Called Strike 1-2: Ball 2-2: Ball 3-2: Strikes out swinging
|
Batting: RHB Jelexiz Cuenca
|
0-0: Ball 1-0: Ball 2-0: Foul Ball, location: 2F 2-1: Foul Ball, location: 2F 2-2: Foul Ball, location: 2F 2-2: Ball 3-2: Strikes out swinging
|
Batting: RHB Antonio Vallez
|
0-0: Ball 1-0: Foul Ball, location: 2F 1-1: Ball 2-1: Swinging Strike 2-2: Strikes out swinging
|
Bottom of the 3rd over - 0 runs, 0 hits, 0 errors, 0 left on base; Hillsboro 4 - Auburn 3 |
TOP OF THE 4TH |
Hillsboro Hops batting - Pitching for Auburn Doubledays : RHP John Kovach
|
Batting: RHB Sean Tanner
|
0-0: Called Strike 0-1: Ball 1-1: Ball 2-1: Called Strike 2-2: Strikes out swinging
|
Batting: RHB Chris McGrath
|
0-0: Swinging Strike 0-1: Called Strike 0-2: Ball 1-2: Strikes out looking
|
Batting: RHB Ryuki Ogasawara
|
0-0: Called Strike 0-1: Ball 1-1: Ball 2-1: Fly out, F8 (Flyball, 8LXD, EV 99.4 MPH)
|
Top of the 4th over - 0 runs, 0 hits, 0 errors, 0 left on base; Hillsboro 4 - Auburn 3 |
BOTTOM OF THE 4TH |
Auburn Doubledays batting - Pitching for Hillsboro Hops : RHP Tim Shaffer
|
Batting: RHB Sentos Alatas
|
0-0: Ball 1-0: Ball 2-0: Fly out, F4 (Flyball, 34D, EV 90.0 MPH)
|
Batting: LHB Vince McLane
|
0-0: Called Strike 0-1: Foul Ball, location: 2F 0-2: Ball 1-2: DOUBLE (Flyball, 8LD, EV 95.6 MPH)
|
Batting: RHB Lamar Thornton
|
0-0: Foul Ball, location: 2F 0-1: Ball 1-1: Foul Ball, location: 2F 1-2: Foul Ball, location: 2F 1-2: Ball 2-2: Ball 3-2: Base on Balls
|
Batting: RHB Er Le
|
0-0: Foul Ball, location: 2F 0-1: Hit by Pitch Vince McLane to third Lamar Thornton to second
|
Batting: LHB John Holst
|
0-0: Swinging Strike 0-1: Swinging Strike 0-2: Ball 1-2: Foul Ball, location: 2F 1-2: Ball 2-2: Fly out, F7 (Flyball, 78M, EV 88.8 MPH) Runner from 3rd tags up, SCORES, no throw by LF
|
Batting: SHB Ed Thorpe Jr.
|
0-0: Ball 1-0: Called Strike 1-1: Swinging Strike 1-2: Ball 2-2: Foul Ball, location: 2F 2-2: Ball 3-2: Fly out, F8 (Flyball, 8LD, EV 92.5 MPH)
|
Bottom of the 4th over - 1 run, 1 hit, 0 errors, 2 left on base; Hillsboro 4 - Auburn 4 |
TOP OF THE 5TH |
Hillsboro Hops batting - Pitching for Auburn Doubledays : RHP John Kovach
|
Batting: RHB Daniel Rivera
|
0-0: Ball 1-0: Foul Ball, location: 2F 1-1: Foul Ball, location: 2F 1-2: Strikes out swinging
|
Pitching: RHP Josh Jenkins
|
|
Batting: RHB Nelson Ozuna
|
0-0: Ball 1-0: Foul Ball, location: 2F 1-1: Called Strike 1-2: SINGLE (Groundball, 6M, EV 101.2 MPH)
|
Batting: SHB Carlos Rodriguez
|
0-0: Ball Nelson Ozuna steals 2nd base 1-0: Foul Ball, location: 2F 1-1: Foul Ball, location: 2F 1-2: Ball 2-2: Ball 3-2: Fly out, F8 (Flyball, 8LD, EV 104.4 MPH)
|
Batting: RHB Danny Loyola
|
0-0: Fly out, F8 (Line Drive, 8RD, EV 93.8 MPH)
|
Top of the 5th over - 0 runs, 1 hit, 0 errors, 1 left on base; Hillsboro 4 - Auburn 4 |
BOTTOM OF THE 5TH |
Auburn Doubledays batting - Pitching for Hillsboro Hops : RHP Tim Shaffer
|
Pitching: RHP Joe Rivin
|
|
Batting: RHB Xavier Reeves
|
0-0: Foul Ball, location: 2F 0-1: Ball 1-1: Ball 2-1: Called Strike 2-2: Foul Ball, location: 2F 2-2: Strikes out swinging
|
Batting: RHB Jelexiz Cuenca
|
0-0: Ball 1-0: Foul Ball, location: 2F 1-1: Ground out 5-3 (Groundball, 56, EV 107.5 MPH)
|
Batting: RHB Antonio Vallez
|
0-0: Called Strike 0-1: Fly out, F9 (Line Drive, 89D, EV 92.5 MPH)
|
Bottom of the 5th over - 0 runs, 0 hits, 0 errors, 0 left on base; Hillsboro 4 - Auburn 4 |
TOP OF THE 6TH |
Hillsboro Hops batting - Pitching for Auburn Doubledays : RHP Josh Jenkins
|
Batting: RHB Terry Jarrells
|
0-0: Called Strike 0-1: Called Strike 0-2: Strikes out swinging
|
Pinch Hitting: LHB Jeff Densmore
|
0-0: Ball 1-0: Ball 2-0: Called Strike 2-1: TRIPLE (Line Drive, 89XD, EV 105.0 MPH)
|
Batting: RHB Sean Tanner
|
0-0: Called Strike 0-1: Ball 1-1: Swinging Strike 1-2: Ground out 5-3 (Groundball, 56, EV 78.8 MPH)
|
Pitching: RHP Tim Schultz
|
|
Pinch Hitting: SHB Morgan Batson
|
0-0: Called Strike 0-1: Ball 1-1: Swinging Strike 1-2: Ball 2-2: Strikes out swinging
|
Top of the 6th over - 0 runs, 1 hit, 0 errors, 1 left on base; Hillsboro 4 - Auburn 4 |
BOTTOM OF THE 6TH |
Auburn Doubledays batting - Pitching for Hillsboro Hops : RHP Joe Rivin
|
Now at 2B: Daniel Rivera
|
|
Now at 3B: Morgan Batson
|
|
Now in LF: Jeff Densmore
|
|
Batting: LHB Yasuo Igarashi
|
0-0: Called Strike 0-1: Called Strike 0-2: Ball 1-2: Foul Ball, location: 2F 1-2: Ball 2-2: Ball 3-2: Ground out 4-3 (Groundball, 4, EV 80.6 MPH)
|
Batting: LHB Vince McLane
|
0-0: Ball 1-0: Ball 2-0: Ball 3-0: Called Strike 3-1: Foul Ball, location: 2F 3-2: Foul Ball, location: 2F 3-2: SINGLE (Line Drive, 4MD, EV 99.4 MPH)
|
Pitching: RHP Ted Splawn
|
|
Batting: RHB Lamar Thornton
|
0-0: Called Strike 0-1: Ball 1-1: Swinging Strike 1-2: Ball 2-2: Strikes out swinging
|
Batting: RHB Er Le
|
0-0: Foul Ball, location: 2F 0-1: Fly out, F3 (Line Drive, 3L, EV 68.1 MPH)
|
Bottom of the 6th over - 0 runs, 1 hit, 0 errors, 1 left on base; Hillsboro 4 - Auburn 4 |
TOP OF THE 7TH |
Hillsboro Hops batting - Pitching for Auburn Doubledays : RHP Tim Schultz
|
Pinch Hitting: SHB Pete Perla
|
0-0: Ball 1-0: Ball 2-0: Foul Ball, location: 2F 2-1: Ball 3-1: Base on Balls
|
Pinch Hitting: LHB Bob Myers
|
0-0: Ball 1-0: Ball Pete Perla steals 2nd base 2-0: Ground out 4-3 (Groundball, 4, EV 105.0 MPH) Pete Perla to third
|
Batting: RHB Nelson Ozuna
|
0-0: Ball 1-0: Called Strike 1-1: Ground out 6-3 (Groundball, 6S, EV 73.8 MPH)
|
Batting: SHB Carlos Rodriguez
|
0-0: Foul Ball, location: 2F 0-1: Foul Ball, location: 2F 0-2: Hit by Pitch
|
Batting: RHB Danny Loyola
|
0-0: Ball 1-0: Foul Ball, location: 2F 1-1: Ball 2-1: Reached on error, E6 (Groundball, 56, EV 103.1 MPH) Pete Perla scores Carlos Rodriguez to second
|
Batting: RHB Terry Jarrells
|
0-0: Ball Wild Pitch! Carlos Rodriguez to third Danny Loyola to second 1-0: Foul Ball, location: 2F 1-1: Ball 2-1: Fly out, F9 (Flyball, 9LS, EV 89.4 MPH)
|
Top of the 7th over - 1 run, 0 hits, 1 error, 2 left on base; Hillsboro 5 - Auburn 4 |
BOTTOM OF THE 7TH |
Auburn Doubledays batting - Pitching for Hillsboro Hops : RHP Ted Splawn
|
Now at 1B: Orlando Florez
|
|
Now at 2B: Jim Begger
|
|
Now at SS: Pete Perla
|
|
Batting: LHB John Holst
|
0-0: Ball 1-0: Ball 2-0: Ball 3-0: Called Strike 3-1: Fly out, F8 (Flyball, 89D, EV 100.0 MPH)
|
Batting: SHB Ed Thorpe Jr.
|
0-0: Ball 1-0: Ball 2-0: Ball 3-0: Called Strike 3-1: Base on Balls
|
Pinch Hitting: RHB Steve Perez
|
0-0: Ball 1-0: Ball 2-0: Ball Wild Pitch! Ed Thorpe Jr. to second 3-0: Base on Balls
|
Batting: RHB Jelexiz Cuenca
|
0-0: Ball 1-0: Ball 2-0: Ball 3-0: Called Strike 3-1: Foul Ball, location: 2F 3-2: Base on Balls Ed Thorpe Jr. to third Steve Perez to second
|
Pitching: RHP Kyle Bradley
|
|
Batting: RHB Antonio Vallez
|
0-0: Called Strike 0-1: Called Strike 0-2: Foul Ball, location: 2F 0-2: Ball 1-2: Ball 2-2: Foul Ball, location: 2F 2-2: SINGLE (Groundball, 56D, EV 106.2 MPH) Ed Thorpe Jr. scores Steve Perez to third Jelexiz Cuenca to second
|
Batting: LHB Yasuo Igarashi
|
0-0: Called Strike 0-1: Swinging Strike 0-2: Strikes out swinging
|
Batting: LHB Vince McLane
|
0-0: Ball 1-0: Called Strike 1-1: SINGLE (Groundball, 34S, EV 66.9 MPH) (infield hit) Steve Perez scores Jelexiz Cuenca to third Antonio Vallez to second
|
Batting: RHB Lamar Thornton
|
0-0: Called Strike 0-1: Ball 1-1: Called Strike 1-2: Fly out, F9 (Flyball, 9LM, EV 88.1 MPH)
|
Bottom of the 7th over - 2 runs, 2 hits, 0 errors, 3 left on base; Hillsboro 5 - Auburn 6 |
TOP OF THE 8TH |
Hillsboro Hops batting - Pitching for Auburn Doubledays : RHP Tim Schultz
|
Pitching: LHP Kevin Besser
|
|
Now at 2B: Antonio Vallez
|
|
Now at 3B: Steve Perez
|
|
Batting: LHB Jeff Densmore
|
0-0: Called Strike 0-1: Foul Ball, location: 2F 0-2: Strikes out swinging
|
Batting: RHB Sean Tanner
|
0-0: Called Strike 0-1: Foul Ball, location: 2F 0-2: Fly out, F7 (Flyball, 7D, EV 93.8 MPH)
|
Pinch Hitting: RHB Dwane Reed
|
0-0: Ball 1-0: Foul Ball, location: 2F 1-1: Ball 2-1: Ball 3-1: SINGLE (Line Drive, 89D, EV 105.0 MPH)
|
Batting: SHB Pete Perla
|
0-0: Foul Ball, location: 2F 0-1: Called Strike 0-2: Ball 1-2: SINGLE (Line Drive, 56, EV 105.6 MPH) Dwane Reed to second
|
Batting: RHB Orlando Florez
|
0-0: Ball 1-0: Ground out U3 (Groundball, 3D, EV 98.1 MPH)
|
Top of the 8th over - 0 runs, 2 hits, 0 errors, 2 left on base; Hillsboro 5 - Auburn 6 |
BOTTOM OF THE 8TH |
Auburn Doubledays batting - Pitching for Hillsboro Hops : RHP Kyle Bradley
|
Now at 3B: Dwane Reed
|
|
Batting: RHB Er Le
|
0-0: Ground out 1-3 (Groundball, 13S, EV 65.6 MPH)
|
Batting: LHB John Holst
|
0-0: Called Strike 0-1: Ball 1-1: Called Strike 1-2: Fly out, F9 (Flyball, 89M, EV 82.5 MPH)
|
Batting: SHB Ed Thorpe Jr.
|
0-0: Foul Ball, location: 2F 0-1: Ball 1-1: Ball 2-1: Foul Ball, location: 2F 2-2: Strikes out swinging, 2-3 out at first.
|
Bottom of the 8th over - 0 runs, 0 hits, 0 errors, 0 left on base; Hillsboro 5 - Auburn 6 |
TOP OF THE 9TH |
Hillsboro Hops batting - Pitching for Auburn Doubledays : LHP Kevin Besser
|
Pitching: RHP Johnny Hallamore
|
|
Batting: RHB Nelson Ozuna
|
0-0: Called Strike 0-1: Ball 1-1: Swinging Strike 1-2: Strikes out swinging
|
Batting: SHB Carlos Rodriguez
|
0-0: Ball 1-0: Swinging Strike 1-1: Fly out, F9 (Flyball, 9D, EV 88.8 MPH)
|
Batting: RHB Danny Loyola
|
0-0: Ball 1-0: Foul Ball, location: 2F 1-1: Ball 2-1: Ball 3-1: Base on Balls
|
Pinch Hitting: LHB Josh Thomas
|
0-0: Ball 1-0: Foul Ball, location: 2F 1-1: SINGLE (Line Drive, 4D, EV 95.6 MPH) Danny Loyola to second Runner from 2nd tries for 3rd, SAFE, no throw by CF
|
Batting: LHB Jeff Densmore
|
0-0: Ball 1-0: Hit by Pitch Josh Thomas to second
|
Pinch Hitting: LHB Henry Hutson
|
0-0: Foul Ball, location: 2F 0-1: Swinging Strike 0-2: Strikes out swinging
|
Top of the 9th over - 0 runs, 1 hit, 0 errors, 3 left on base; Hillsboro 5 - Auburn 6 |
|